 Dungeon Crawl Stone Soup version 0.30-a0-297-g0ec75d9ef4 (webtiles) character file.

Game seed: 1952086114240272232

2223 koil the Covert (level 9, -2/44 HPs)
             Began as a Spriggan Enchanter on Oct 18, 2022.
             Was a Believer of Dithmenos.
             Slain by an ogre
             ... wielding a +0 giant spiked club
              (18 damage)
             ... on level 7 of the Dungeon.
             The game lasted 00:18:07 (5953 turns).

koil the Covert (Spriggan Enchanter)                Turns: 5953, Time: 00:18:08

Health: -2/44      AC:  3    Str:  9    XL:     9   Next: 13%
Magic:  11/19      EV: 25    Int: 18    God:    Dithmenos [**....]
Gold:   431        SH:  0    Dex: 30    Spells: 12/20 levels left

rFire   . . .      SeeInvis +    a - +8 dagger of Massacring {elec, Str+5}
rCold   . . .      Faith    .    (no shield)
rNeg    . . .      Spirit   .    b - +0 robe
rPois   .          Reflect  .    n - +0 hat
rElec   .          Harm     .    l - +0 cloak
rCorr   .          Rampage  .    (gloves unavailable)
Will    +....                    (boots unavailable)
Stlth   ++++++....               (no amulet)
HPRegen 0.27/turn                B - +6 ring of dexterity
MPRegen 0.16/turn                z - +6 ring of dexterity

@: very slightly contaminated, wreathed by umbra, very quick
A: very small, no large weapons, unfitting armour, see invisible, speed 3
a: Renounce Religion, Shadow Step


You were on level 7 of the Dungeon.
You worshipped Dithmenos.
Dithmenos was pleased with you.
You visited 1 branch of the dungeon, and saw 7 of its levels.
You also visited: Sewer.

You collected 431 gold pieces.

Inventory:

Hand Weapons
 a - the +8 dagger of Massacring (weapon) {elec, Str+5}
   (You found it on level 2 of the Dungeon)

   It occasionally discharges a powerful burst of electricity upon striking a
   foe.
   Str:       It affects your strength (+5).
 k - a +3 quarterstaff of chaos
 m - a +1 dagger
 v - a +0 spectral quarterstaff
 x - a +2 short sword of draining
 y - a +2 dagger of speed
 F - a +1 short sword of freezing
 Q - a +2 dagger of venom
Missiles
 o - 34 poisoned darts (quivered)
 p - 2 curare-tipped darts
 t - a throwing net
 G - 2 datura-tipped darts
Armour
 b - a +0 robe (worn)
 l - a +0 cloak (worn)
 n - a +0 hat (worn)
Jewellery
 g - a +4 ring of evasion
 z - a +6 ring of dexterity (right hand)
 B - a +6 ring of dexterity (left hand)
 C - a ring of positive energy
 T - an amulet of faith
Wands
 u - a wand of polymorph (12)
 w - a wand of iceblast (10)
 A - a wand of acid (12)
 E - a wand of digging (8)
 P - a wand of flame (16)
Scrolls
 d - 9 scrolls of identify {unknown}
 h - 2 scrolls of fear {unknown}
 q - 4 scrolls of blinking {unknown}
 r - a scroll of enchant armour {unknown}
 I - a scroll of brand weapon {unknown}
 J - a scroll of butterflies {unknown}
 K - 3 scrolls of teleportation {unknown}
 L - 2 scrolls of immolation {unknown}
 M - 3 scrolls of amnesia {unknown}
 U - a scroll of acquirement {unknown}
Potions
 c - 2 potions of invisibility
 e - 8 potions of curing {unknown}
 f - a potion of ambrosia {unknown}
 i - 2 potions of might {unknown}
 j - a potion of mutation {unknown}
 s - 2 potions of haste {unknown}
 D - a potion of attraction {unknown}
 H - a potion of flight {unknown}
 N - a potion of lignification {unknown}
 O - 2 potions of cancellation {unknown}
 R - a potion of heal wounds {unknown}
 S - a potion of degeneration {unknown}


   Skills:
 + Level 3.5 Fighting
 + Level 5.1 Short Blades
 + Level 6.5 Dodging
 + Level 8.5 Stealth
 + Level 6.1 Spellcasting
 + Level 6.6 Hexes
 + Level 2.1 Fire Magic
 + Level 3.9 Evocations


You had 12 spell levels left.
You knew the following spells:

 Your Spells              Type           Power      Damage    Failure   Level
a - Ensorcelled Hibernat  Hex/Ice        34%        N/A       4%          2
b - Confusing Touch       Hex            29%        N/A       2%          3
c - Inner Flame           Hex/Fire       21%        N/A       6%          3

Your spell library contained the following spells:

 Spells                   Type           Power      Damage    Failure   Level
 Tukima's Dance           Hex            29%        N/A       2%          3
 Dazzling Flash           Conj/Hex       34%        N/A       9%          3
 Apportation              Tloc           10%        N/A       12%         1
 Necrotise                Necr           20%        1d5       12%         1
 Shock                    Conj/Air       20%        1d4       12%         1
 Summon Small Mammal      Summ           20%        N/A       12%         1
 Swiftness                Air            5%         N/A       34%         3
 Vampiric Draining        Necr           5%         2d6       34%         3
 Flame Wave               Conj/Fire      9%         2d6       58%         4
 Sticky Flame             Conj/Fire      9%         2d3       58%         4
 Airstrike                Air            2%         2d(1-17)  75%         4
 Agony                    Necr           5%         N/A       97%         5


Dungeon Overview and Level Annotations

Branches:
Dungeon (7/15)              Sewer (visited)
 Temple: D:4-7

Altars:
Ashenzari
Dithmenos
Fedhas
Gozag
Kikubaaqudgha
Nemelex Xobeh
Okawaru
Qazlal
Vehumet
Wu Jian
The Shining One

Shops:
D:3 (   D:6 (


Innate Abilities, Weirdness & Mutations

You are very small and have problems with some larger weapons.
You are too small for most types of armour.
You have supernaturally acute eyesight. (SInv)
You cover ground extremely quickly. (Speed+++)


Message History

The bullfrog completely misses you. The bullfrog closely misses you.
You closely miss the bullfrog.
The bullfrog is lightly wounded.
The bullfrog closely misses you.
Casting: Ensorcelled Hibernation (safe; 4% risk of failure)
Confirm with . or Enter, or press ? or * to list all spells.
Aiming: Ensorcelled Hibernation (safe; 4% risk of failure)
Press: ? - help, Shift-Dir - straight line, f - ogre
Aim: an ogre, wielding a +0 giant spiked club (umbra, chance to affect: 50%)
The ogre resists with some effort.
The bullfrog completely misses you.
The ogre hits you with a +0 giant spiked club!!
Ouch! That really hurt!
Casting: Ensorcelled Hibernation (safe; 4% risk of failure)
Confirm with . or Enter, or press ? or * to list all spells.
You don't know that spell.
You barely miss the ogre. The bullfrog closely misses you.
Casting: Ensorcelled Hibernation (safe; 4% risk of failure)
Confirm with . or Enter, or press ? or * to list all spells.
Aiming: Ensorcelled Hibernation (safe; 4% risk of failure)
Press: ? - help, Shift-Dir - straight line, f/p - ogre
Aim: an ogre, wielding a +0 giant spiked club (umbra, chance to affect: 50%)
The ogre resists with some effort.
The bullfrog hits you. The ogre misses you.
The bullfrog hits you but does no damage.
Casting: Ensorcelled Hibernation (safe; 4% risk of failure)
Confirm with . or Enter, or press ? or * to list all spells.
Aiming: Ensorcelled Hibernation (safe; 4% risk of failure)
Press: ? - help, Shift-Dir - straight line, f/p - ogre
Aim: an ogre, wielding a +0 giant spiked club (umbra, chance to affect: 50%)
You miscast Ensorcelled Hibernation.
You are very lightly contaminated with residual magic.
Nothing appears to happen.
The bullfrog closely misses you.
Unknown command.
Casting: Ensorcelled Hibernation (safe; 4% risk of failure)
Confirm with . or Enter, or press ? or * to list all spells.
Aiming: Ensorcelled Hibernation (safe; 4% risk of failure)
Press: ? - help, Shift-Dir - straight line, f/p - ogre
Aim: an ogre, wielding a +0 giant spiked club (umbra, chance to affect: 50%)
The ogre resists with some effort.
The bullfrog completely misses you.
The ogre hits you with a +0 giant spiked club!!
You die...

##....#........
.....#........
##....#........
.(............
###..#.........
#<...#)........
##....$h.......
#..#F##........
#.##.@O........
#. ####........
#. #........ #.
########. #.


You could see an ogre and a bullfrog.

Vanquished Creatures
  Grinder (D:3)
  2 ice beasts
  An orc warrior (D:6)
  2 ogres
  A black bear (D:5)
  A centaur (D:5)
  A phantom (D:5)
  Blork the orc (D:4)
  9 kobold brigands
  A bullfrog (D:6)
  A scorpion (D:5)
  6 hounds
  A jelly (D:3)
  Crazy Yiuf (D:2)
  An iguana (D:5)
  2 orc wizards (D:6)
  3 gnolls (D:4)
  6 adders
  2 river rats (Sewer)
  3 worms
  2 dart slugs
  9 orcs
  7 bats
  8 endoplasms
  2 giant cockroaches
  6 goblins
  8 hobgoblins
  8 jackals
  26 kobolds
  2 quokkas (D:1)
  13 ball pythons
  5 frilled lizards
  18 rats
160 creatures vanquished.

Vanquished Creatures (others)
  2 plants (D:4)
2 creatures vanquished.

Grand Total: 162 creatures vanquished

Notes
Turn   | Place    | Note
-------+----------+-------------------------------------------
     0 | D:1      | koil the Spriggan Enchanter began the quest for the Orb.
     0 | D:1      | Reached XP level 1. HP: 9/9 MP: 5/5
   103 | D:1      | Reached XP level 2. HP: 10/13 MP: 6/6
   106 | D:1      | Learned a level 2 spell: Ensorcelled Hibernation
   620 | D:1      | Reached XP level 3. HP: 13/17 MP: 8/8
  1366 | D:2      | Found a runed translucent door.
  1367 | D:2      | Noticed Crazy Yiuf
  1372 | D:2      | Learned a level 3 spell: Confusing Touch
  1376 | D:2      | Killed Crazy Yiuf
  1377 | D:2      | Reached skill level 1 in Fighting
  1377 | D:2      | Reached skill level 5 in Stealth
  1377 | D:2      | Reached XP level 4. HP: 22/22 MP: 7/10
  1552 | D:2      | Identified the +8 dagger of Massacring {elec, Str+5}
  1801 | D:3      | Found a broken altar of Ashenzari.
  1866 | D:3      | Found a stormy altar of Qazlal.
  1918 | D:3      | Found a glowing drain.
  1936 | Sewer    | Entered a sewer
  1984 | Sewer    | Noticed a kobold brigand
  1995 | Sewer    | Killed a kobold brigand
  1996 | Sewer    | Reached XP level 5. HP: 25/25 MP: 8/11
  2096 | Sewer    | Reached XP level 6. HP: 13/30 MP: 11/13
  2212 | Sewer    | Reached skill level 6 in Stealth
  2312 | Sewer    | Reached skill level 5 in Hexes
  2398 | Sewer    | Reached XP level 7. HP: 30/35 MP: 2/14
  2873 | D:3      | Found Aren's Antique Weapon Emporium.
  2962 | D:3      | Found a shadowy altar of Dithmenos.
  2962 | D:3      | Found a glowing golden altar of the Shining One.
  2962 | D:3      | Found an ancient bone altar of Kikubaaqudgha.
  2962 | D:3      | Found an ornate altar of the Wu Jian Council.
  2983 | D:3      | Became a worshipper of Dithmenos the Shadowed
  2993 | D:3      | Found a radiant altar of Vehumet.
  2995 | D:3      | Found a blossoming altar of Fedhas.
  3128 | D:3      | Noticed Grinder
  3143 | D:3      | Killed Grinder
  3144 | D:3      | Reached skill level 5 in Dodging
  3144 | D:3      | Reached skill level 7 in Stealth
  3144 | D:3      | Reached skill level 5 in Spellcasting
  3151 | D:3      | Learned a level 3 spell: Inner Flame
  3191 | D:3      | Found an iron altar of Okawaru.
  3424 | D:4      | Reached skill level 1 in Evocations
  3676 | D:4      | Noticed Blork the orc
  3687 | D:4      | Killed Blork the orc
  3688 | D:4      | Reached XP level 8. HP: 39/39 MP: 11/16
  3799 | D:4      | Reached * piety under Dithmenos
  4079 | D:5      | Entered Level 5 of the Dungeon
  4259 | D:5      | Reached skill level 1 in Fire Magic
  4837 | D:5      | Reached skill level 8 in Stealth
  5014 | D:6      | Found Tottuxko's Antique Weapon Shop.
  5346 | D:6      | Reached skill level 5 in Short Blades
  5346 | D:6      | Reached XP level 9. HP: 33/44 MP: 12/19
  5695 | D:6      | Reached ** piety under Dithmenos
  5874 | D:6      | Found a sparkling altar of Nemelex Xobeh.
  5874 | D:6      | Found an opulent altar of Gozag.
  5953 | D:7      | Slain by an ogre

Illustrated notes

Levels and vault maps discovered:
D:1:      matt_arrival_refuge, layout_basic, minmay_tetromino_o4
D:2:      layout_loops_cross, st_stairs_11, chequers_mini_garden, hex_medium,
          eino_curves_03, nicolae_underground_beach, uniq_crazy_yiuf_cottage
D:3:      layout_rooms, mainiacjoe_overflow_paths, minmay_overflow_temple_hex,
          hellmonk_okawaru_the_only_friend_you_need,
          mainiacjoe_overflow_24_doors, cheibrodos_sewer_entry_drain,
          serial_shops, shop, uniq_grinder
D:4:      layout_basic, minivault_4, serial_bayou_lake_a, uniq_blork_the_orc
D:5:      layout_basic, minmay_puff
D:6:      cheibrodos_thug_alley, layout_layer_cave,
          grunt_temple_overflow_opulence, serial_shops, shop,
          grunt_decor_clamped
D:7:      cheibrodos_grave_circle, layout_basic, kennysheep_little_box,
          minmay_temple_entry_sparse_star, enter_ossuary_1, uniq_maggie

Skill      XL: |  1  2  3  4  5  6  7  8 |
---------------+-------------------------+-----
Dodging        | 3 4 5 6 |  6.5
Spellcasting   | 3 4 5 6 |  6.1
Hexes          | 4 5 6 |  6.6
Fighting       | 1 2 3 |  3.5
Short Blades   | 2 3 4 5 |  5.1
Stealth        | 5 6 7 8 |  8.5
Evocations     | 1 3 |  3.9
Fire Magic     | 2 |  2.1

Action                   |  1- 3 |  4- 6 |  7- 9 || total
-------------------------+-------+-------+-------++-------
Melee: Dagger            |   164 |    97 |   193 ||   454
       Punch             |     1 |       |     2 ||     3
 Cast: Ensorcelled Hiber |     7 |    12 |    22 ||    41
       Confusing Touch   |       |       |     1 ||     1
 Stab: Sleeping          |    12 |     7 |    23 ||    42
       Confused          |       |       |     1 ||     1
       Distracted        |       |       |     1 ||     1
Armor: Robe              |    14 |     3 |     6 ||    23
Dodge: Dodged            |   167 |    45 |   121 ||   333

Table legend: (Time is in decaauts)
 A = Elapsed time spent in this place.
 B = Non-inter-level travel time spent in this place.
 C = Inter-level travel time spent in this place.
 D = Time resting spent in this place.
 E = Time spent auto-exploring this place.
 F = Levels seen in this place.
 G = Mean time per level.
                   A        B        C        D        E       F      G
               +--------+--------+--------+--------+--------+-----+--------+
         Total |   4280 |   4172 |    108 |    298 |   2707 |   8 |  535.0 |
       Dungeon |   3403 |   3295 |    108 |    110 |   2285 |   7 |  486.1 |
         Sewer |    876 |    876 |      0 |    188 |    422 |   1 |  876.0 |
               +--------+--------+--------+--------+--------+-----+--------+

Top non-repeatable levels by time:
   Sewer: 876 daAuts
     D:6: 642 daAuts
     D:1: 580 daAuts
     D:5: 573 daAuts
     D:2: 562 daAuts
     D:3: 521 daAuts
     D:4: 508 daAuts
     D:7: 14 daAuts
